 Dungeon Crawl Stone Soup version 0.29.1-12-g30fa7ad0bf (webtiles) character file.

Game seed: 7520451137739608603

43 trentariffic the Covered (level 4, -2/39 HPs)
             Began as a Meteoran Fighter on Dec 13, 2022.
             Slain by Sigmund
             ... wielding a +0 scythe
              (6 damage)
             ... on level 2 of the Dungeon.
             The game lasted 00:02:08 (762 turns).

trentariffic the Covered (Meteoran Fighter)          Turns: 762, Time: 00:02:09

Health: -2/39      AC:  7    Str: 19    XL:     4   Next: 6%
Magic:  5/5        EV:  9    Int:  9    God:
Gold:   10         SH:  5    Dex: 14    Spells: 3/3 levels left

rFire   . . .      SeeInvis .   a - +0 flail
rCold   . . .      Faith    .   c - +0 buckler
rNeg    . . .      Spirit   .   b - +0 scale mail
rPois   .          Reflect  .   (no helmet)
rElec   .          Harm     .   (no cloak)
rCorr   .          Rampage  .   (no gloves)
Will    .....                   (no boots)
Stlth   ..........              (no amulet)
HPRegen 0.13/turn               (no ring)
MPRegen 0.09/turn               (no ring)

@: glowing
A: sense surroundings 1, otherworldly, glowing, explore regen
a: no special abilities


You were on level 2 of the Dungeon.
You visited 1 branch of the dungeon, and saw 2 of its levels.

You collected 10 gold pieces.

Inventory:

Hand Weapons
 a - a +0 flail (weapon)
Armour
 b - a +0 scale mail (worn)
 c - a +0 buckler (worn)
 g - a +0 ring mail
Scrolls
 h - a scroll of magic mapping {unknown}
 i - a scroll of noise {unknown}
 j - 2 scrolls of identify {unknown}
Potions
 d - a potion of might
 e - a potion of curing {unknown}
 f - 3 potions of invisibility {unknown}
 k - a potion of cancellation {unknown}


   Skills:
 + Level 3.6 Fighting
 + Level 3.8 Maces & Flails
 + Level 4.1 Armour
 + Level 0.2 Dodging
 + Level 3.9 Shields


You had 3 spell levels left.
You didn't know any spells.
Your spell library was empty.

Dungeon Overview and Level Annotations

Branches:
Dungeon (2/15) Zot: 405

Altars:
Xom

Annotations:
D:2 Sigmund


Innate Abilities, Weirdness & Mutations

You passively map a small area around you.
You are easily found by Zot.
You glow in the dark.
You regain HP and MP as you explore.


Message History

No target in view!
No target in view!
No target in view!
No target in view!
No target in view!
No target in view!
No target in view!
No target in view!
No target in view!
No target in view!
No target in view!
No target in view!
No target in view!
No target in view!
No target in view!
No target in view!
Something hits you.
You miss something. You miss something.
You hear some strange, mumbled words.
A magic dart appears from out of thin air!
The magic dart hits you.
You closely miss something.
You hear some strange, mumbled words.
A puff of flame appears from out of thin air!
The puff of flame hits you. Something hits you!
You miss something. You completely miss something.
Something hits you but does no damage.
You miss something. Something hits you but does no damage.
You sock something! Something hits you but does no damage.
You hit something. Something hits you.
You hit something but do no damage. Something hits you.
* * * LOW HITPOINT WARNING * * *
You closely miss something.
You hear some strange, mumbled words.
A puff of flame appears from out of thin air!
The puff of flame hits you!
* * * LOW HITPOINT WARNING * * *
You miss something. Something hits you.
You die...

#.#.###.# ##.## *
#.......# #.#
###.##.#.# #.# * ,
#.#.###.# *#+# *
######..## #.# * *
#........## ,..#, ,
#.#####...#.#*... ,
####.#####....###,..
..)...{@........+
,,####.###......###
* * ,* #.#....... ,
, , * ....###### ,,
** ##.### *, , , *
#.# #+# * , , *, ...
,, #.## , *#.# #.#.
* ##.#.


There were no monsters in sight!

Vanquished Creatures
  3 dart slugs (D:1)
  3 orcs (D:2)
  2 ball pythons (D:1)
  5 bats (D:1)
  3 endoplasms (D:1)
  2 giant cockroaches
  A hobgoblin (D:1)
  2 quokkas
  2 frilled lizards (D:1)
  4 goblins (D:1)
  A kobold (D:1)
  3 rats
31 creatures vanquished.

Notes
Turn   | Place    | Note
-------+----------+-------------------------------------------
     0 | D:1      | trentariffic the Meteoran Fighter began the quest for the
                  | Orb.
     0 | D:1      | Reached XP level 1. HP: 19/19 MP: 2/2
    64 | D:1      | Reached XP level 2. HP: 26/26 MP: 3/3
   227 | D:1      | Reached skill level 4 in Armour
   277 | D:1      | Reached XP level 3. HP: 31/31 MP: 4/4
   451 | D:1      | You fall into a shaft and drop 1 floor!
   513 | D:2      | Reached XP level 4. HP: 32/39 MP: 5/5
   558 | D:2      | Identified the +12 dagger of the Saviour {speed, rN+ Str-3
                  | Dex+6}
   600 | D:2      | Found a shimmering altar of Xom.
   748 | D:2      | Noticed Sigmund
   762 | D:2      | Slain by Sigmund

Illustrated notes

Levels and vault maps discovered:
D:1:      scummos_arrival_hexagon, layout_basic, minmay_misc_feat_four_crosses
D:2:      layout_loops_corners, basic_altar, uniq_sigmund,
          uniq_crazy_yiuf_cottage

Skill      XL: |  1  2 |
---------------+-------+-----
Armour         | 4 |  4.1
Maces & Flails | 3 |  3.8
Fighting       | |  3.6
Dodging        | |  0.2
Shields        | |  3.9

Action                   |  1- 3 |  4- 6 || total
-------------------------+-------+-------++-------
Melee: Flail             |    86 |    28 ||   114
Armor: Scale mail        |    44 |    11 ||    55
Dodge: Dodged            |    32 |     8 ||    40
Block: Buckler           |    24 |     2 ||    26
